 Dungeon Crawl Stone Soup version 0.20.1-1-g8b1a95d (webtiles) character file.

67722 JeffiDaFish the Peltast (level 15, -3/97 HPs)
             Began as a Gargoyle Fighter on Aug 28, 2017.
             Was the Champion of Okawaru.
             Killed from afar by a starcursed mass (12 damage)
             ... with an accursed screaming
             ... on level 3 of the Abyss on Aug 29, 2017.
             The game lasted 01:10:07 (22992 turns).

JeffiDaFish the Peltast (Gargoyle Fighter)         Turns: 22992, Time: 01:10:07

Health: -3/97      AC: 39    Str: 25    XL:     15   Next: 24%
Magic:  11/13      EV: 11    Int: 12    God:    Okawaru [******]
Gold:   1466       SH: 16    Dex: 18    Spells: 14/14 levels left

rFire    + . .     SeeInvis +   L - +2 morningstar (crush)
rCold    + + .     Gourm    .   c - +1 shield
rNeg     + . .     Faith    .   d - +4 plate armour {rC+}
rPois    ∞         Spirit   .   C - +1 helmet {SInv}
rElec    +         Reflect  .   o - +0 cloak
rCorr    .         Harm     .   k - +2 pair of gloves
MR       +....                  s - +0 pair of boots
Stlth    ..........             e - amulet of regeneration
Regen    0.7/turn               j - +5 ring of strength
MPRegen  0.2/turn               n - ring "Lepoela" {rElec rC+ Dex+4}

@: berserk cooldown, slowed, studying Shields, very slow
A: big wings, clever 1, fire resistance 1, [low mp 3], negative energy
resistance 1, [screaming 1], electricity resistance, unbreathing, petrification
resistance, rot immunity, subdued magic 1, [MP-powered wands], AC +11
a: Fly, Heroism, Finesse, Renounce Religion


You were on level 3 of the Abyss.
You worshipped Okawaru.
Okawaru was exalted by your worship.
You were not hungry.

You visited 3 branches of the dungeon, and saw 20 of its levels.
You visited the Abyss 1 time.

You collected 1466 gold pieces.

Inventory:

Hand Weapons
 L - a +2 morningstar of crushing (weapon)
Armour
 c - a +1 shield (worn)
 d - a +4 plate armour of cold resistance (worn)
 k - a +2 pair of gloves (worn)
 o - a +0 cloak (worn)
 s - a +0 pair of boots (worn)
 C - a +1 helmet of see invisible (worn)
Jewellery
 e - an amulet of regeneration (around neck)
 j - a +5 ring of strength (left hand)
 l - an uncursed ring of protection from fire
 n - the ring "Lepoela" (right hand) {rElec rC+ Dex+4}
   (You found it on level 4 of the Dungeon)

   [ring of protection from cold]

   It affects your dexterity (+4).
   It protects you from cold.
   It insulates you from electricity.
Wands
 x - a wand of lightning (1/15)
Scrolls
 b - 10 scrolls of identify
 q - 2 scrolls of fog
 r - 5 scrolls of remove curse
 v - a scroll of fear
 w - 2 scrolls of amnesia
 y - a scroll of teleportation
 z - 2 scrolls of magic mapping
 E - a scroll of recharging
 F - 2 scrolls of blinking
 G - a scroll of silence
Potions
 m - 3 potions of curing
 B - a potion of agility
 D - 2 potions of brilliance
 H - 2 potions of ambrosia
 I - a potion of magic
Books
 u - a book of Conjurations

   Spells                             Type                      Level
   a - Magic Dart                     Conjuration                  1
   b - Searing Ray                    Conjuration                  2
   c - Dazzling Spray                 Conjuration/Hexes            3
   d - Fulminant Prism                Conjuration/Hexes            4
   e - Force Lance                    Conjuration/Translocation    4
   f - Iskenderun's Mystic Blast      Conjuration                  4
 A - a manual of Shields
Comestibles
 a - 12 meat rations
 f - 15 bread rations
 h - 4 royal jellies
 i - 10 fruits


   Skills:
 * Level 12.5 Fighting
 * Level 14.5 Maces & Flails
 * Level 12.0 Armour
 + Level 5.1 Dodging
 - Level 2.0 Stealth
 * Level 16.5 Shields
 + Level 5.5 Invocations


You had 14 spell levels left.
You didn't know any spells.

Dungeon Overview and Level Annotations

Branches:
Dungeon (13/15)            Temple (1/1) D:6            Lair (6/6) D:8
  Swamp (0/4) Lair:4       Spider (0/4) Lair:2        Slime (0/5) Lair:5
    Orc (0/2) D:9          Vaults (0/5) D:13

Altars:
Ashenzari
Cheibriados
Dithmenos
Elyvilon
Fedhas
Kikubaaqudgha
Makhleb
Nemelex Xobeh
Okawaru
Qazlal
Ru
Sif Muna
Trog
Uskayaw
Vehumet
Zin
The Shining One
Beogh

Shops:
D:5 (   D:6 %

Annotations:
Lair:1 exclusion: 3 oklob plants


Innate Abilities, Weirdness & Mutations

You are resistant to torment.
Your stone body is resilient. (AC +11)
You are immune to poison.
Your large and strong wings let you fly indefinitely.
You resist negative energy. (rN+)
You are resistant to electric shocks. (rElec)
You can survive without breathing.
You are immune to petrification.
You are immune to rotting.
Your mind is acute. (Int +2)
Your flesh is heat resistant. (rF+)
Your spells are a little easier to cast, but a little less powerful.
[Your magical capacity is extremely low. (-30% MP)]
[You occasionally shout uncontrollably at your foes.]
[You expend magic power (3 MP) to strengthen your wands.]


Message History

You impale the neqoxec!!
You kill the neqoxec!
Okawaru accepts your kill.
The iron imp disappears in a puff of smoke!
The quasit disappears in a puff of smoke!
The shadow imp disappears in a puff of smoke!
You start resting.
A starcursed mass comes into view.
A starcursed mass splits.
Your hands slow down.
A chorus of shrieks assaults your mind.
* * * LOW HITPOINT WARNING * * *
A starcursed mass splits. x2
A chorus of shrieks assaults your mind.
* * * LOW HITPOINT WARNING * * *
A starcursed mass splits. x3
You hit the starcursed mass but do no damage.
A starcursed mass splits.
A cacophony of accursed wailing tears at your sanity!
You die...

# . . ............ #
... . ............
#.....#. ...........
# . ... X......#.. #
#. ...####XX.X.#...
#.........#.XXX.....#
# ....#.##...X......
#. .........@.......
#............#...$..
#...........#..##.
##....##..### ##
#..##..#.#### # . #.
#.#.. # ## . #....
.... # #.. #.# .#####
# .# ..# ..#


You could see 8 starcursed masses.

Vanquished Creatures
  A lich (Abyss:3)
  A tentacled starspawn (Abyss:3)
  Fannar (Lair:1)
  3 catoblepae (Lair:6)
  3 hydras
  A centaur warrior (D:13)
  2 two-headed ogres
  10 death yaks
  An ogre mage (D:11)
  A hell hog (Abyss:3)
  Nergalle (Lair:2)
  3 slime creatures (D:13)
  3 wretched stars (Abyss:3)
  A hell knight (Abyss:3)
  A glowing orange brain (Abyss:3)
  A wizard (D:13)
  2 necromancers (D:13)
  A deep elf mage (D:13)
  An orb spider (Abyss:3)
  3 ugly things
  5 manticores
  A cyclops (D:11)
  2 worldbinders (Abyss:3)
  2 large abominations (Abyss:3)
  4 elephants (Lair:5)
  Maurice (D:10)
  3 black mambas
  A gargoyle (D:11)
  A smoke demon (Abyss:3)
  13 spiny frogs
  5 komodo dragons
  An efreet (Abyss:3)
  3 trolls
  A polar bear (Lair:1)
  2 jumping spiders (Lair:2)
  11 hippogriffs
  12 blink frogs
  7 dream sheep (Lair:6)
  A redback (Lair:2)
  A ynoxinul (Abyss:3)
  A shadow (D:13)
  15 humans (D:13)
  56 yaks
  6 golden eyes (Abyss:3)
  4 basilisks
  2 neqoxecs (Abyss:3)
  5 vampire mosquitoes
  4 hungry ghosts
  A warg (D:9)
  Duvessa (D:4)
  3 small abominations (Abyss:3)
  10 water moccasins
  An acid dragon (D:11)
  8 porcupines
  9 orc warriors
  2 ice beasts
  6 sky beasts
  3 black bears
  5 wolves
  2 necrophages
  6 ogres
  4 centaurs
  12 crocodiles
  A big kobold (D:5)
  15 bullfrogs
  A wyvern skeleton (D:9)
  Dowan (D:4)
  6 scorpions
  5 killer bees (D:7)
  5 wights (D:7)
  A howler monkey (D:6)
  An electric eel (Lair:6)
  5 crimson imps
  4 quasits
  2 bullfrog zombies
  5 jellies
  17 orc priests
  Crazy Yiuf (D:4)
  5 bullfrog skeletons
  6 hounds
  12 orc wizards
  2 centaur skeletons
  A gnoll shaman (D:6)
  4 iguanas
  8 worker ants
  A killer bee zombie (D:8)
  A hound skeleton (D:4)
  7 gnolls
  2 howler monkey skeletons
  11 adders
  8 shadow imps
  3 oozes
  3 adder skeletons
  3 worms (D:3)
  6 leopard geckos
  56 orcs
  9 giant cockroaches
  9 hobgoblins
  10 jackals
  2 quokkas
  2 ball pythons (D:1)
  17 bats
  4 frilled lizards
  9 goblins
  7 kobolds
  5 rats
567 creatures vanquished.

Vanquished Creatures (others)
  A human (D:2)
  An adder (D:11)
  8 fungi
  A lurking horror (Abyss:3)
  14 plants
  2 starspawn tentacles (Abyss:3)
27 creatures vanquished.

Grand Total: 594 creatures vanquished

Notes
Turn   | Place    | Note
-------+----------+-------------------------------------------
     0 | D:1      | JeffiDaFish the Gargoyle Fighter began the quest for the Orb.
     0 | D:1      | Reached XP level 1. HP: 14/14 MP: 1/1
   115 | D:1      | Reached XP level 2. HP: 19/19 MP: 2/2
   641 | D:1      | Reached XP level 3. HP: 24/24 MP: 3/3
   805 | D:1      | Gained mutation: Your flesh is heat resistant. (rF+) [potion of mutation]
   805 | D:1      | Gained mutation: Your mind is acute. (Int +2) [potion of mutation]
  1206 | D:2      | Reached XP level 4. HP: 29/29 MP: 4/4
  1375 | D:2      | Reached skill level 4 in Shields
  1488 | D:2      | Found an ancient bone altar of Kikubaaqudgha.
  1491 | D:2      | Noticed a human
  1492 | D:2      | Killed a human
  2103 | D:3      | Noticed a centaur
  2118 | D:3      | Killed a centaur
  2118 | D:3      | Reached skill level 1 in Dodging
  2118 | D:3      | Reached XP level 5. HP: 18/33 MP: 5/5
  2604 | D:3      | Reached XP level 6. HP: 22/38 MP: 6/6
  3641 | D:3      | Reached skill level 5 in Shields
  3895 | D:4      | Found a runed door.
  3899 | D:4      | Noticed Crazy Yiuf
  3903 | D:4      | Killed Crazy Yiuf
  3903 | D:4      | Reached XP level 7. HP: 44/44 MP: 7/7
  3970 | D:4      | Got a flickering marble ring
  3972 | D:4      | Identified the ring "Lepoela" {rElec rC+ Dex+4} (You found it on level 4 of the Dungeon)
  3994 | D:4      | Noticed Duvessa
  3995 | D:4      | Noticed Dowan
  4184 | D:4      | Killed Duvessa
  4184 | D:4      | Reached skill level 5 in Armour
  4190 | D:4      | Killed Dowan
  4418 | D:4      | Reached skill level 5 in Maces & Flails
  4694 | D:5      | Entered Level 5 of the Dungeon
  5023 | D:5      | Reached XP level 8. HP: 48/48 MP: 8/8
  5115 | D:5      | Found Xeucw's Antique Weapon Shop.
  5457 | D:5      | Found a blossoming altar of Fedhas.
  5457 | D:5      | Found a glowing silver altar of Zin.
  5458 | D:5      | Found a glowing golden altar of the Shining One.
  5700 | D:6      | Reached skill level 6 in Shields
  5701 | D:6      | Found a sacrificial altar of Ru.
  5725 | D:6      | Reached skill level 5 in Fighting
  5867 | D:6      | Found a staircase to the Ecumenical Temple.
  5939 | D:6      | Reached skill level 7 in Shields
  5939 | D:6      | Reached XP level 9. HP: 53/54 MP: 9/9
  5973 | Temple   | Entered the Ecumenical Temple
  6101 | Temple   | Became a worshipper of Warmaster Okawaru
  6141 | D:6      | Found Eqyomeul's Food Shop.
  6602 | D:7      | Reached * piety under Okawaru
  6702 | D:7      | Reached skill level 8 in Shields
  6926 | D:7      | Reached ** piety under Okawaru
  7330 | D:7      | Reached XP level 10. HP: 61/61 MP: 10/10
  7352 | D:7      | Found a roughly hewn altar of Beogh.
  7478 | D:7      | Found a burning altar of Makhleb.
  7624 | D:8      | Found a staircase to the Lair.
  7663 | D:8      | Found a sacrificial altar of Ru.
  7753 | D:8      | Reached skill level 1 in Stealth
  7774 | D:8      | Reached skill level 9 in Shields
  7883 | D:8      | Reached *** piety under Okawaru
  8148 | Lair:1   | Entered Level 1 of the Lair of Beasts
  8148 | Lair:1   | Noticed a seven-headed hydra
  8157 | Lair:1   | Killed a seven-headed hydra
  8157 | Lair:1   | Reached **** piety under Okawaru
  8157 | Lair:1   | Reached skill level 10 in Maces & Flails
  8493 | Lair:1   | Noticed a spiny frog
  8500 | Lair:1   | Killed a spiny frog
  8536 | Lair:1   | Reached XP level 11. HP: 68/68 MP: 11/11
  8541 | Lair:1   | Reached skill level 10 in Shields
  8561 | Lair:1   | Reached ***** piety under Okawaru
  8870 | Lair:1   | Noticed an oklob plant
  8870 | Lair:1   | Noticed Fannar
  8937 | Lair:1   | Noticed an oklob plant
  8937 | Lair:1   | Noticed an oklob plant
  9587 | Lair:1   | Killed Fannar
 10167 | Lair:2   | Found a hole to the Spider Nest.
 10222 | Lair:2   | Received a gift from Okawaru
 10686 | Lair:2   | Noticed Nergalle
 10701 | Lair:2   | Killed Nergalle
 10701 | Lair:2   | Reached skill level 11 in Shields
 11026 | Lair:2   | Reached XP level 12. HP: 46/75 MP: 12/12
 11921 | Lair:3   | Reached ****** piety under Okawaru
 12197 | Lair:3   | Reached skill level 12 in Shields
 12872 | Lair:4   | Received a gift from Okawaru
 12910 | Lair:4   | Found a staircase to the Swamp.
 12910 | Lair:4   | Noticed a six-headed hydra
 12930 | Lair:4   | Killed a six-headed hydra
 13460 | Lair:5   | Found a staircase to the Slime Pits.
 14139 | Lair:5   | Reached skill level 13 in Shields
 14530 | Lair:6   | Entered Level 6 of the Lair of Beasts
 14590 | Lair:6   | Reached XP level 13. HP: 75/82 MP: 13/13
 14823 | Lair:6   | Reached skill level 10 in Fighting
 15834 | Lair:6   | Reached skill level 1 in Invocations
 16050 | Lair:5   | Received a gift from Okawaru
 16073 | Lair:5   | Got a crude helmet {god gift}
 16084 | Lair:5   | Identified the +0 helmet of the Fife {MR+ Int+2 Dex+2} (Okawaru gifted it to you on level 5 of the Lair of Beasts)
 16318 | Lair:5   | Reached skill level 14 in Shields
 16543 | Lair:6   | Reached skill level 10 in Armour
 17967 | Lair:6   | Received a gift from Okawaru
 18777 | D:9      | Gained mutation: Your large and strong wings let you fly indefinitely. [Gargoyle growth]
 18777 | D:9      | Reached XP level 14. HP: 65/90 MP: 16/16
 19122 | D:9      | Found a staircase to the Orcish Mines.
 19281 | D:9      | Reached skill level 15 in Shields
 19617 | D:10     | Entered Level 10 of the Dungeon
 19776 | D:10     | Noticed Maurice
 19788 | D:10     | Killed Maurice
 20130 | D:10     | Found a blossoming altar of Fedhas.
 21785 | D:13     | Received a gift from Okawaru
 21981 | D:13     | Reached skill level 5 in Invocations
 22265 | D:13     | Reached skill level 16 in Shields
 22310 | D:13     | Found a gate to the Vaults.
 22322 | D:13     | Cast into level 3 of the Abyss (a wizard)
 22498 | Abyss:3  | Gained mutation: Your spells are a little easier to cast, but a little less powerful. [a neqoxec]
 22666 | Abyss:3  | Received a gift from Okawaru
 22796 | Abyss:3  | Reached XP level 15. HP: 96/96 MP: 18/18
 22900 | Abyss:3  | Reached skill level 5 in Dodging
 22920 | Abyss:3  | Found a corrupted altar of Lugonu.
 22939 | Abyss:3  | Noticed a tentacled starspawn
 22948 | Abyss:3  | Killed a tentacled starspawn
 22956 | Abyss:3  | Noticed a lich
 22962 | Abyss:3  | Noticed a Brimstone Fiend
 22963 | Abyss:3  | Noticed a Hell Sentinel
 22971 | Abyss:3  | Killed a lich
 22976 | Abyss:3  | HP: 3/97 [smoke demon/divine providence (12)]
 22992 | Abyss:3  | Killed from afar by a starcursed mass

Skill      XL: |  1  2  3  4  5  6  7  8  9 10 11 12 13 14 15 |
---------------+----------------------------------------------+-----
Shields        | 4 5 7 8 9 11 13 14 16 | 16.5
Fighting       | 4 5 6 7 8 9 11 12 | 12.5
Maces & Flails | 3 5 7 9 10 11 13 14 | 14.5
Armour         | 4 5 6 7 8 9 10 11 12 | 12.0
Dodging        | 1 2 4 5 |  5.1
Stealth        | 1 2 |  2.0
Invocations    | 3 5 |  5.5

Action                   |  1- 3 |  4- 6 |  7- 9 | 10-12 | 13-15 || total
-------------------------+-------+-------+-------+-------+-------++-------
Melee: Flail             |   183 |   171 |       |       |       ||   354
       Mace              |       |    65 |   450 |   960 |  1093 ||  2568
       Morningstar       |       |       |       |       |   376 ||   376
Invok: Heroism           |       |       |       |     1 |     2 ||     3
       Finesse           |       |       |       |       |     4 ||     4
  Use: Potion            |     2 |     6 |     4 |     5 |     6 ||    23
       Scroll            |     4 |     5 |     7 |    11 |    17 ||    44
 Stab: Petrified         |       |       |       |       |    16 ||    16
       Petrifying        |       |       |       |       |     1 ||     1
  Eat: Chunk             |     1 |     9 |    15 |    22 |    25 ||    72
       Meat ration       |       |       |       |     1 |       ||     1
       Royal jelly       |       |       |       |       |     3 ||     3
Armor: Scale mail        |   136 |   120 |    21 |       |       ||   277
       Plate armour      |       |       |   269 |   458 |   681 ||  1408
Dodge: Dodged            |    65 |    92 |   138 |   202 |   374 ||   871
Block: Shield            |   130 |   176 |   299 |   588 |  1071 ||  2264
